 Dungeon Crawl Stone Soup version 0.31-a0-831-g143b1e81fc (webtiles) character file.

Game seed: 12282195012705450512

81 Dirtsage the Chopper (level 4, -1/35 HPs)
             Began as a Demonspawn Fighter on Sept 24, 2023.
             Slain by Crazy Yiuf
             ... wielding a +4 quarterstaff of chaos
              (14 damage)
             ... on level 2 of the Dungeon.
             The game lasted 00:01:38 (1241 turns).

Dirtsage the Chopper (Demonspawn Fighter)           Turns: 1241, Time: 00:01:39

Health: -1/35      AC: 10    Str: 18    XL:     4   Next: 20%
Magic:  4/4        EV: 14    Int:  9    God:
Gold:   144        SH:  4    Dex: 13    Spells: 3/3 levels left

rFire   + . .        e - +0 hand axe
rCold   + . .        c - +0 buckler
rNeg    + . .        b - +0 scale mail
rPois   +            l - +2 helmet of Gravitas {rN+}
rElec   +            (no cloak)
rCorr   +            (no gloves)
SInv    .            (no boots)
Will    .....        (no amulet) Stlth
                     (no ring)
HPRegen 0.25/turn    (no ring)
MPRegen 0.09/turn

%: no passive effects
@: agile, resistant
A: hooves 1, sharp scales 1
a: no special abilities


You were on level 2 of the Dungeon.
You visited 1 branch of the dungeon, and saw 2 of its levels.

You collected 144 gold pieces.

Inventory:

Hand Weapons
 a - a +0 war axe
 e - a +0 hand axe (weapon)
Armour
 b - a +0 scale mail (worn)
 c - a +0 buckler (worn)
 j - a +0 helmet
 l - the +2 helmet of Gravitas (worn) {rN+}
   (You took it off Robin on level 2 of the Dungeon)

   rN+:       It protects you from negative energy.
Talismans
 g - a talisman of death
Scrolls
 i - 3 scrolls of identify {unknown}
 m - a scroll of revelation {unknown}
Potions
 d - a potion of might
 f - a potion of invisibility {unknown}
 h - a potion of cancellation {unknown}
 k - a potion of enlightenment {unknown}


   Skills:
 - Level 3.0 Fighting
 + Level 4.1 Axes
 - Level 2.6 Armour
 - Level 2.6 Shields


You had 3 spell levels left.
You didn't know any spells.
Your spell library was empty.

Dungeon Overview and Level Annotations

Branches:
Dungeon (2/15)

Altars:
Qazlal

Shops:
D:2 (

Annotations:
D:2 Crazy Yiuf


Innate Abilities, Weirdness & Mutations

You have large cloven feet.
You are partially covered in razor-sharp scales. (AC +1, Slay +1)


Message History

Health restored: 35 Key pressed, stopping explore.
You now have 144 gold pieces (gained 13).
Found a runed translucent door.
Crazy Yiuf shouts!
Crazy Yiuf sings, "Trees, trees, trees, circus!"
You open the door. You hit Crazy Yiuf. You kick Crazy Yiuf, but do no damage.
Crazy Yiuf is moderately wounded.
Crazy Yiuf hits you with a +4 quarterstaff of chaos.
You feel agile all of a sudden.
You take 3 damage, and have 32/35 hp.
You slash Crazy Yiuf!
Crazy Yiuf is severely wounded.
You block Crazy Yiuf's attack. x2
You completely miss Crazy Yiuf. You kick Crazy Yiuf.
Crazy Yiuf is severely wounded.
Crazy Yiuf yells, "Whiteboard agre head!"
Crazy Yiuf hits you with a +4 quarterstaff of chaos.
Crazy Yiuf burns you.
You take 7 damage, and have 26/35 hp.
You closely miss Crazy Yiuf.
Crazy Yiuf is severely wounded.
Crazy Yiuf barely misses you.
You hit Crazy Yiuf. Your kick misses Crazy Yiuf.
Crazy Yiuf is almost dead.
Crazy Yiuf says, "Scoff canine poople!"
Crazy Yiuf closely misses you.
You hit Crazy Yiuf but do no damage.
Crazy Yiuf is almost dead.
You block Crazy Yiuf's attack.
You closely miss Crazy Yiuf. Your kick misses Crazy Yiuf.
Crazy Yiuf is almost dead.
Crazy Yiuf hits you with a +4 quarterstaff of chaos!
You feel protected.
You take 14 damage, and have 13/35 hp.
MASSIVE DAMAGE!!
You closely miss Crazy Yiuf. You kick Crazy Yiuf, but do no damage.
Crazy Yiuf is almost dead.
Crazy Yiuf hits you with a +4 quarterstaff of chaos!
You die...

#. ## # #####
# #)..# #...#
####### ...
#.....######
#g#
#...........
♣@♣♣
#.....######
♣♣.♣ #.....#
# ♣.♣♣
####.## ♣♣.♣
#.##### ♣♣.♣♣
#.....###
♣♣...♣
#.###...#
♣....♣ #.#
###.# #....#
###.# #.#
#....####...#
#.#


You could see Crazy Yiuf.

Vanquished Creatures
  Robin (D:2)
  A worm (D:2)
  3 dart slugs
  2 ball pythons
  6 bats
  4 endoplasms
  A giant cockroach (D:1)
  8 hobgoblins
  6 jackals (D:2)
  6 kobolds
  A quokka (D:1)
  A frilled lizard (D:1)
  9 goblins (D:2)
  A rat (D:1)
50 creatures vanquished.

Notes
Turn   | Place    | Note
-------+----------+-------------------------------------------
     0 | D:1      | Dirtsage the Demonspawn Fighter began the quest for the
                  | Orb.
     0 | D:1      | Reached XP level 1. HP: 18/18 MP: 1/1
   161 | D:1      | Reached skill level 2 in Axes
   298 | D:1      | Gained mutation: You have large cloven feet. [demonic
                  | ancestry]
   298 | D:1      | Reached XP level 2. HP: 23/24 MP: 2/2
   429 | D:1      | Reached skill level 3 in Axes
   639 | D:2      | Found Moshred's Antique Weapon Shop.
   645 | D:2      | Reached XP level 3. HP: 25/29 MP: 3/3
   722 | D:2      | Found a stormy altar of Qazlal.
   834 | D:2      | Identified the +2 helmet of Gravitas {rN+}
   834 | D:2      | Noticed Robin
   852 | D:2      | Killed Robin
   853 | D:2      | Reached skill level 4 in Axes
   853 | D:2      | Gained mutation: You are partially covered in razor-sharp
                  | scales. (AC +1, Slay +1) [demonic ancestry]
   853 | D:2      | Reached XP level 4. HP: 16/35 MP: 4/4
  1229 | D:2      | Found a runed translucent door.
  1230 | D:2      | Noticed Crazy Yiuf
  1241 | D:2      | Slain by Crazy Yiuf

Illustrated notes

Levels and vault maps discovered:
D:1:      psy_arrival_radial02, layout_basic
D:2:      layout_rooms, serial_shops, nicolae_diamond_shop, basic_altar,
          uniq_crazy_yiuf_cottage, uniq_robin

Skill      XL: |  1  2  3 |
---------------+----------+-----
Axes           | 2 3 4 |  4.1
Fighting       | |  3.0
Armour         | |  2.6
Shields        | |  2.6

Action                     |  1- 3 |  4- 6 || total
---------------------------+-------+-------++-------
  Melee: Hand axe          |   109 |    25 ||   134
         War axe           |     1 |       ||     1
         Kick              |    18 |     8 ||    26
 Armour: Scale mail        |    90 |    13 ||   103
  Dodge: Dodged            |    44 |     3 ||    47
  Block: Buckler           |    27 |     6 ||    33

Table legend: (Time is in decaauts)
 A = Elapsed time spent in this place.
 B = Non-inter-level travel time spent in this place.
 C = Inter-level travel time spent in this place.
 D = Time resting spent in this place.
 E = Time spent auto-exploring this place.
 F = Levels seen in this place.
 G = Mean time per level.
                   A        B        C        D        E       F      G
               +--------+--------+--------+--------+--------+-----+--------+
         Total |   1269 |   1258 |     11 |      0 |    971 |   2 |  634.5 |
       Dungeon |   1269 |   1258 |     11 |      0 |    971 |   2 |  634.5 |
               +--------+--------+--------+--------+--------+-----+--------+

Top non-repeatable levels by time:
     D:1: 656 daAuts
     D:2: 613 daAuts
